 Dungeon Crawl Stone Soup version 0.22-a0-149-g870e420 (webtiles) character file.

1367 tof the Basher (level 8, 0/71 HPs)
             Began as a Minotaur Fighter on Feb 7, 2018.
             Was an Initiate of Okawaru.
             Slain by a gnoll
             ... wielding a +2 spear of venom
              (1 damage)
             ... on level 6 of the Dungeon.
             The game lasted 00:05:58 (6047 turns).

tof the Basher (Minotaur Fighter)                   Turns: 6047, Time: 00:05:59

Health: 0/71       AC:  7    Str: 21    XL:     8   Next: 38%
Magic:  7/7        EV:  8    Int:  5    God:    Okawaru [......]
Gold:   371        SH: 10    Dex: 12    Spells: 7/7 levels left

rFire    . . .     SeeInvis .   a - +0 flail
rCold    . . .     Gourm    .   c - +0 shield
rNeg     . . .     Faith    .   b - +0 scale mail
rPois    .         Spirit   .   (helmet restricted)
rElec    .         Reflect  .   (no cloak)
rCorr    .         Harm     .   (no gloves)
MR       .....                  (no boots)
Stlth    ..........             (no amulet)
HPRegen  0.21/turn              (no ring)
MPRegen  0.10/turn              (no ring)

@: lethally poisoned (0 -> -31), starving
A: retaliatory headbutt, horns 2
a: Renounce Religion


You were on level 6 of the Dungeon.
You worshipped Okawaru.
Okawaru was noncommittal.
You were starving.

You visited 2 branches of the dungeon, and saw 7 of its levels.

You collected 371 gold pieces.

Inventory:

Hand Weapons
 a - a +0 flail (weapon)
 n - a cursed -2 hunting sling
Missiles
 o - 41 sling bullets
Armour
 b - a +0 scale mail (worn)
 c - a +0 shield (worn)
Jewellery
 p - a +3 ring of intelligence {unknown}
Wands
 v - a wand of flame (10)
Scrolls
 e - 2 scrolls of enchant weapon {unknown}
 g - 3 scrolls of identify {unknown}
 h - a scroll of fear {unknown}
 i - 3 scrolls of remove curse {unknown}
 q - a scroll of fog {unknown}
 r - a scroll of blinking {unknown}
 s - 2 scrolls of teleportation {unknown}
 u - 2 scrolls of random uselessness {unknown}
 x - 2 scrolls of amnesia {unknown}
Potions
 d - 3 potions of might
 j - 2 potions of agility {unknown}
 k - 3 potions of curing {unknown}
 l - 3 potions of brilliance {unknown}
 m - a potion of lignification {unknown}
 t - 2 potions of degeneration {unknown}
 w - a potion of haste {unknown}
Comestibles
 f - 10 rations
 z - 3 chunks of flesh


   Skills:
 + Level 6.5 Fighting
 * Level 8.1 Maces & Flails
 + Level 6.6 Armour
 + Level 6.6 Shields


You had 7 spell levels left.
You didn't know any spells.

Dungeon Overview and Level Annotations

Branches:
Dungeon (6/15)             Temple (1/1) D:5

Altars:
Ashenzari
Cheibriados
Gozag
Makhleb
Okawaru
Qazlal
Sif Muna
Uskayaw
Wu Jian
Xom


Innate Abilities, Weirdness & Mutations

You reflexively headbutt those who attack you in melee.
You have a pair of horns on your head.


Message History

* * * LOW HITPOINT WARNING * * *
You closely miss the hungry ghost. Your headbutt misses the hungry ghost.
The hungry ghost is severely damaged.
* * * LOW HITPOINT WARNING * * *
You feel very sick. The gnoll hits you but does no damage.
You are more poisoned.
The hungry ghost hits you.
You feel somewhat more hungry. You block the gnoll's attack.
You block the gnoll shaman's attack.
You hit the hungry ghost but do no damage.
Your headbutt misses the hungry ghost.
The hungry ghost is severely damaged.
* * * LOW HITPOINT WARNING * * *
You feel very sick. You block the gnoll's attack.
You block the hungry ghost's attack. You block the gnoll shaman's attack.
* * * LOW HITPOINT WARNING * * *
You feel very sick.
The gnoll hits you from afar with a spear of venom.
You die...

######..###.#........#
........###.#.#.#....#
.######.....#.#.#.####
###.........#.#..
#.........###.####
#.#.#####.# #
#.......# #.####.####
#.....@# ######W#
#..g†g......
#...........
#...........
#...........
#...........
#.>.........
#...........


You could see a hungry ghost, a gnoll shaman and a gnoll.

Vanquished Creatures
  The ghost of anet the Skirmisher, an amateur BaWn (D:4)
  A hippogriff (D:4)
  A sky beast (D:5)
  An ogre (D:5)
  2 crimson imps (D:5)
  2 bullfrog zombies
  3 hounds
  A centaur skeleton (D:6)
  2 bullfrog skeletons
  A gnoll shaman (D:2)
  4 orc wizards (D:4)
  Terence (D:1)
  2 worker ants (D:5)
  5 adders
  9 gnolls
  A shadow imp (D:5)
  An ooze (D:5)
  An adder skeleton (D:4)
  3 worms
  5 dart slugs
  4 leopard geckos
  14 orcs
  9 bats
  3 giant cockroaches
  9 goblins
  4 hobgoblins
  19 jackals
  5 quokkas
  A ball python (D:3)
  5 frilled lizards
  A jackal zombie (D:5)
  10 kobolds
  A leopard gecko skeleton (D:4)
  7 rats
139 creatures vanquished.

Notes
Turn   | Place    | Note
-------+----------+-------------------------------------------
     0 | D:1      | tof the Minotaur Fighter began the quest for the Orb.
     0 | D:1      | Reached XP level 1. HP: 19/19 MP: 0/0
    50 | D:1      | Reached XP level 2. HP: 24/27 MP: 1/1
   279 | D:1      | Reached skill level 3 in Maces & Flails
   420 | D:1      | Reached XP level 3. HP: 33/33 MP: 2/2
   960 | D:2      | Noticed Terence
   992 | D:2      | Reached XP level 4. HP: 25/40 MP: 3/3
   998 | D:1      | Killed Terence
   998 | D:1      | Reached skill level 4 in Maces & Flails
  1127 | D:1      | Reached XP level 5. HP: 8/47 MP: 4/4
  2273 | D:3      | Found a faded altar of an unknown god.
  2381 | D:3      | Reached skill level 5 in Maces & Flails
  2724 | D:3      | Found an opulent altar of Gozag.
  2724 | D:3      | Found a hide-covered altar of Uskayaw.
  2785 | D:3      | Reached XP level 6. HP: 55/55 MP: 5/5
  3057 | D:4      | Reached skill level 5 in Shields
  3080 | D:4      | Noticed a hippogriff
  3091 | D:4      | Killed a hippogriff
  3091 | D:4      | Reached skill level 5 in Fighting
  3091 | D:4      | Reached skill level 5 in Armour
  3309 | D:4      | Noticed anet's ghost (amateur BaWn)
  3329 | D:4      | Killed anet's ghost
  3329 | D:4      | Reached skill level 6 in Maces & Flails
  3329 | D:4      | Reached XP level 7. HP: 11/61 MP: 6/6
  4650 | D:4      | Reached skill level 7 in Maces & Flails
  4701 | D:5      | Entered Level 5 of the Dungeon
  5107 | D:5      | Reached XP level 8. HP: 47/70 MP: 7/7
  5609 | D:5      | Found a staircase to the Ecumenical Temple.
  5618 | Temple   | Entered the Ecumenical Temple
  5626 | Temple   | Became a worshipper of Warmaster Okawaru
  5954 | D:6      | Reached skill level 8 in Maces & Flails
  6047 | D:6      | HP: 1/71 [poisoned by a gnoll]
  6047 | D:6      | Slain by a gnoll

Vault maps used:
D:1:      dpeg_arrival_solitude
D:2:      minmay_pentomino_u2, uniq_terence
D:3:      gammafunk_temple_overflow_pools, chequers_ecumenical_altar_island,
          minmay_misc_feat_nine_boxes
D:4:      first_ration
D:5:      minmay_temple_entry_overgrown
D:6:      minmay_misc_feat_five
Temple:   eino_narrow_crystal_temple

Skill      XL: |  1  2  3  4  5  6  7  8 |
---------------+-------------------------+-----
Maces & Flails | 3 4 5 6 7 8 |  8.1
Shields        | 4 5 6 |  6.6
Fighting       | 4 5 6 |  6.5
Armour         | 4 5 6 |  6.6

Action                   |  1- 3 |  4- 6 |  7- 9 || total
-------------------------+-------+-------+-------++-------
Melee: Flail             |   111 |   174 |   172 ||   457
       Headbutt          |    13 |    26 |    35 ||    74
  Eat: Chunk             |       |     8 |     9 ||    17
Armor: Scale mail        |    74 |    76 |    75 ||   225
Dodge: Dodged            |    38 |    53 |    49 ||   140
Block: Shield            |    70 |    84 |   102 ||   256

Table legend:
 A = Spawn XP
 B = Non-spawn XP
 C = Spawn XP percentage of total XP
 D = Spawn monster count
 E = Non-spawn monster count
 F = Spawn count percentage of total count
 G = Total turns spent on level
                    A         B        C        D         E        F      G
               +---------+---------+-------+---------+---------+-------+---------
         Total |       0 |    1954 |   0.0 |       0 |     139 |   0.0 |  6047
               +---------+---------+-------+---------+---------+-------+---------
           D:1 |       0 |     124 |   0.0 |       0 |      36 |   0.0 |  1176
           D:2 |       0 |     158 |   0.0 |       0 |      32 |   0.0 |   934
           D:3 |       0 |      99 |   0.0 |       0 |      25 |   0.0 |   898
           D:4 |       0 |     834 |   0.0 |       0 |      24 |   0.0 |  1693
           D:5 |       0 |     587 |   0.0 |       0 |      15 |   0.0 |  1232
           D:6 |       0 |     152 |   0.0 |       0 |       7 |   0.0 |    99
               +---------+---------+-------+---------+---------+-------+---------
